 Dungeon Crawl Stone Soup version 0.21-a0-531-gacddea6 (webtiles) character file.

1985 slep the Chopper (level 9, 0/46 HPs)
             Began as a Vine Stalker Gladiator on Dec 12, 2017.
             Was an Initiate of Okawaru.
             Succumbed to a killer bee's poison
             ... on level 10 of the Dungeon.
             The game lasted 00:24:42 (5769 turns).

slep the Chopper (Vine Stalker Gladiator)           Turns: 5769, Time: 00:24:43

Health: 0/46       AC:  7    Str: 26    XL:     9   Next: 21%
Magic:  0/19       EV: 21    Int:  8    God:    Okawaru [......]
Gold:   461        SH:  0    Dex: 27    Spells: 8/8 levels left

rFire    . . .     SeeInvis .   B - +4 hand axe
rCold    + . .     Gourm    .   (no shield)
rNeg     . . .     Faith    .   b - +0 leather armour
rPois    .         Spirit   +   c - +0 helmet
rElec    .         Reflect  .   k - +0 cloak
rCorr    .         Harm     +   (no gloves)
MR       +....                  (no boots)
Stlth    ++++......             I - amulet "Kone Nec" {Harm *Drain Str+7 Dex+3}
HPRegen  0.55/turn              (no ring)
MPRegen  0.16/turn              E - ring of magical power

@: agile, lethally poisoned (0 -> 0), very slightly contaminated, invisible
A: fangs 3, slimy green scales 1, agile 1, blurry vision 1, cold resistance 1,
regeneration 1, magic shield, antimagic bite, no potion heal 3, rot immunity
a: Renounce Religion


You were on level 10 of the Dungeon.
You worshipped Okawaru.
Okawaru was noncommittal.
You were not hungry.

You visited 2 branches of the dungeon, and saw 9 of its levels.

You collected 461 gold pieces.

Inventory:

Hand Weapons
 a - a +0 war axe
 B - a +4 hand axe (weapon)
 C - a +0 blowgun
 H - a +1 dire flail of crushing
Missiles
 d - 3 throwing nets (quivered)
 i - 6 curare-tipped needles
Armour
 b - a +0 leather armour (worn)
 c - a +0 helmet (worn)
 k - a +0 cloak (worn)
Jewellery
 j - an uncursed ring of teleportation
 o - an uncursed amulet of guardian spirit
 u - an uncursed amulet of inaccuracy
 E - a ring of magical power (right hand)
 I - the amulet "Kone Nec" (around neck) {Harm *Drain Str+7 Dex+3}
   (You found it on level 6 of the Dungeon)

   [amulet of harm]

   It increases damage dealt and taken.
   It affects your strength (+7).
   It affects your dexterity (+3).
   It causes draining when unequipped.
Wands
 F - a wand of iceblast (7)
Scrolls
 h - 2 scrolls of amnesia
 l - 2 scrolls of fear {unknown}
 p - 2 scrolls of enchant armour {unknown}
 q - 2 scrolls of teleportation {unknown}
 r - 4 scrolls of identify
 s - 2 scrolls of magic mapping {unknown}
 y - 3 scrolls of remove curse
 J - a scroll of immolation {unknown}
Potions
 n - a potion of heal wounds {unknown}
 v - a potion of resistance {unknown}
 x - a potion of mutation
 z - a potion of agility
 A - a potion of lignification {unknown}
 D - a potion of brilliance {unknown}
Comestibles
 f - 2 bread rations
 m - 2 meat rations
 t - 2 fruits
 w - 2 royal jellies
 G - 2 chunks of flesh


   Skills:
 + Level 4.4 Fighting
 + Level 7.3 Axes
 + Level 1.9 Throwing
 + Level 4.0 Armour
 + Level 4.8 Dodging
 + Level 3.9 Stealth


You had 8 spell levels left.
You didn't know any spells.

Dungeon Overview and Level Annotations

Branches:
Dungeon (7/15)             Temple (1/1) D:6

Altars:
Ashenzari
Cheibriados
Dithmenos
Elyvilon
Fedhas
Hepliaklqana
Kikubaaqudgha
Makhleb
Okawaru
Qazlal
Ru
Sif Muna
Trog
Vehumet
Wu Jian
Xom
Yredelemnul
Zin
The Shining One
Lugonu

Shops:
D:6 [


Innate Abilities, Weirdness & Mutations

You have razor-sharp teeth.
Your natural rate of healing is unusually fast.
When hurt, damage is shared between your health and your magic reserves.
Your bite disrupts and absorbs the magic of your enemies.
Potions cannot restore your health.
You are immune to rotting.
You are partially covered in slimy green scales. (AC +2)
You are agile. (Dex +2)
Scrolls take you a little longer to read.
Your flesh is cold resistant. (rC+)


Message History

The killer bee stings you but does no damage.
The porcupine bites the plant.
The killer bee barely misses you. The killer bee misses you.
You feel sick. The killer bee stings you.
* * * LOW HITPOINT WARNING * * *
You slash the killer bee!
You kill the killer bee!
Okawaru accepts your kill.
Your Armour skill increases to level 4!
The killer bee misses you.
You slash the killer bee! Your bite misses the killer bee.
The killer bee is severely wounded.
The killer bee misses you. The killer bee stings you!
* * * LOW HITPOINT WARNING * * *
You fade into invisibility!
The killer bee closely misses you. The killer bee stings you.
* * * LOW HITPOINT WARNING * * *
You are very lightly contaminated with residual magic.
You die...

### #.. #.#
#.# # #.# ..
#@# #. #.# #.
#y#
####.####y#
.##......##r#
....P...y...#
..P....Pr####
PP.P...r.#
P.....P.r##


You could see a porcupine and 2 killer bees.

Vanquished Creatures
  A wraith (D:6)
  Edmund (D:4)
  A water moccasin (D:6)
  A porcupine (D:10)
  3 ogres
  The ghost of slep the Chopper, an amateur DsGl (D:3)
  2 centaurs (D:7)
  3 bullfrogs
  A scorpion (D:5)
  2 killer bees (D:10)
  A crimson imp (D:6)
  A quasit (D:6)
  A bullfrog skeleton (D:5)
  2 orc priests
  A hound (D:5)
  2 orc wizards
  An iguana (D:7)
  8 worker ants
  A worker ant zombie (D:5)
  4 gnolls (D:5)
  8 adders
  An ooze (D:2)
  2 adder skeletons (D:4)
  An adder zombie (D:6)
  4 worms
  3 dart slugs
  3 leopard geckos
  11 orcs
  2 ball pythons (D:3)
  2 giant cockroaches
  6 goblins
  4 hobgoblins
  14 jackals
  2 quokkas
  9 bats
  7 frilled lizards
  6 kobolds
  A leopard gecko zombie (D:6)
  A quokka zombie (D:2)
  5 rats
  A demonic plant (Temple)
  3 fungi (D:10)
134 creatures vanquished.

Vanquished Creatures (others)
  2 fungi (D:10)
2 creatures vanquished.

Grand Total: 136 creatures vanquished

Notes
Turn   | Place    | Note
-------+----------+-------------------------------------------
     0 | D:1      | slep the Vine Stalker Gladiator began the quest for the Orb.
     0 | D:1      | Reached XP level 1. HP: 11/11 MP: 2/2
    91 | D:1      | Reached XP level 2. HP: 3/15 MP: 3/3
    96 | D:1      | Reached skill level 3 in Axes
   930 | D:2      | Reached XP level 3. HP: 17/18 MP: 4/4
   975 | D:2      | Found a hazy altar of Hepliaklqana.
   976 | D:2      | Found a shimmering altar of Xom.
   976 | D:2      | Noticed a thorn hunter
   977 | D:2      | Noticed a thorn hunter
   977 | D:2      | Noticed a spectral ugly thing
  1037 | D:2      | Reached skill level 1 in Stealth
  1084 | D:2      | Gained mutation: Your natural rate of healing is unusually fast. [Vine Stalker growth]
  1084 | D:2      | Reached XP level 4. HP: 20/23 MP: 5/5
  1443 | D:2      | Found a deep blue altar of Sif Muna.
  1529 | D:2      | Reached skill level 1 in Armour
  1666 | D:2      | You fall through a shaft for 2 floors!
  1684 | D:4      | HP: 1/23 [worker ant (2)]
  1686 | D:4      | Reached skill level 4 in Axes
  1689 | D:4      | HP: 1/23 [poisoned by a worker ant]
  1737 | D:4      | Found a glowing golden altar of the Shining One.
  1760 | D:4      | Reached XP level 5. HP: 8/27 MP: 2/6
  1989 | D:4      | Noticed Edmund
  2192 | D:3      | Found a stormy altar of Qazlal.
  2542 | D:3      | Noticed slep's ghost (amateur DsGl)
  2839 | D:3      | Found an ancient bone altar of Kikubaaqudgha.
  2840 | D:3      | Found a blossoming altar of Fedhas.
  2850 | D:3      | Reached XP level 6. HP: 32/32 MP: 7/7
  3377 | D:5      | Entered Level 5 of the Dungeon
  3518 | D:5      | HP: 1/32 [orc/trident (2)]
  3593 | D:5      | Reached skill level 5 in Axes
  3593 | D:5      | Reached XP level 7. HP: 35/35 MP: 8/8
  3598 | D:5      | Found a white marble altar of Elyvilon.
  4373 | D:4      | Killed Edmund
  4543 | D:3      | Killed slep's ghost
  4543 | D:3      | Gained mutation: You have razor-sharp teeth. [Vine Stalker growth]
  4543 | D:3      | Reached XP level 8. HP: 30/40 MP: 9/9
  4752 | D:6      | Noticed a wraith
  4880 | D:6      | Got a glittering pewter amulet
  4892 | D:6      | Reached skill level 6 in Axes
  4960 | D:6      | Found a staircase to the Ecumenical Temple.
  4967 | Temple   | Entered the Ecumenical Temple
  5238 | D:6      | Killed a wraith
  5384 | D:6      | Found an iron altar of Okawaru.
  5392 | D:6      | Became a worshipper of Warmaster Okawaru
  5396 | D:6      | Identified the amulet "Kone Nec" {Harm *Drain Str+7 Dex+3} (You found it on level 6 of the Dungeon)
  5435 | D:6      | Found Qyuhuonist's Armour Shop.
  5575 | D:7      | Reached skill level 7 in Axes
  5578 | D:7      | Reached XP level 9. HP: 43/45 MP: 10/10
  5735 | D:7      | You fall through a shaft for 3 floors!
  5735 | D:10     | Entered Level 10 of the Dungeon
  5745 | D:10     | Gained mutation: Scrolls take you a little longer to read. [potion of mutation]
  5745 | D:10     | Gained mutation: Your flesh is cold resistant. (rC+) [potion of mutation]
  5745 | D:10     | Gained mutation: You are partially covered in slimy green scales. (AC +2) [potion of mutation]
  5745 | D:10     | Gained mutation: You are agile. (Dex +2) [potion of mutation]
  5767 | D:10     | HP: 1/46 [killer bee (4)]
  5769 | D:10     | Succumbed to a killer bee's poison

Vault maps used:
D:1:      sevenhm_arrival_forest_fort_large_2, corexii_corridor_pit
D:2:      regret_index_temple_of_mockery, lemuel_round_altar,
          minmay_misc_feat_square, grunt_decor_cap
D:3:      grunt_temple_overflow_growth_and_decay, grunt_qazlal_clouds
D:4:      kennysheep_mini, uniq_edmund
D:5:      nicolae_overflow_crystal_walls, first_bread
D:6:      kennysheep_big_flooded_room, lemuel_round_altar,
          minmay_temple_entry_nine_rooms, serial_shops,
          nicolae_shop_behind_doors, serial_co_window_serial, co_window_paths_b,
          co_window_corner_a, co_window_paths_b, co_window_of_opportunity_a,
          co_window_paths_a, co_window_corner_a, co_window_paths_a,
          co_window_corner_a, co_window_paths_a, glass_columns_b,
          glass_columns_b
D:7:      lemuel_doored_altar, the_bakery, minmay_misc_feat_columns,
          small_statue_intersection, hangedman_feature_mirror,
          grunt_ministairs_1, minmay_nine_imps
D:10:     grunt_lair_entry_orc_guard_hut, enter_trove_1,
          kennysheep_generic_room_6, uniq_grum
Temple:   kb_corrupted_temple

Skill      XL: |  1  2  3  4  5  6  7  8  9 |
---------------+----------------------------+-----
Fighting       | 2 3 4 |  4.4
Axes           | 3 4 5 7 |  7.3
Stealth        | 1 2 3 |  3.9
Armour         | 1 2 3 4 |  4.0
Dodging        | 3 4 |  4.8
Throwing       | |  1.9

Action                   |  1- 3 |  4- 6 |  7- 9 || total
-------------------------+-------+-------+-------++-------
Melee: War axe           |    86 |   101 |       ||   187
       Bite              |    16 |    54 |    90 ||   160
       Hand axe          |       |   104 |   236 ||   340
Throw: Throwing net      |       |       |     2 ||     2
  Use: Scroll            |       |       |     3 ||     3
       Potion            |       |       |     4 ||     4
 Stab: Sleeping          |     2 |    10 |     2 ||    14
  Eat: Chunk             |     1 |     8 |     7 ||    16
Armor: Leather armour    |    32 |    54 |    42 ||   128
Dodge: Dodged            |    90 |   157 |   183 ||   430

Table legend:
 A = Spawn XP
 B = Non-spawn XP
 C = Spawn XP percentage of total XP
 D = Spawn monster count
 E = Non-spawn monster count
 F = Spawn count percentage of total count
 G = Total turns spent on level
                    A         B        C        D         E        F      G
               +---------+---------+-------+---------+---------+-------+---------
         Total |       0 |    2836 |   0.0 |       0 |     130 |   0.0 |  5769
               +---------+---------+-------+---------+---------+-------+---------
           D:1 |       0 |      31 |   0.0 |       0 |      17 |   0.0 |   915
           D:2 |       0 |      89 |   0.0 |       0 |      29 |   0.0 |   811
           D:3 |       0 |     180 |   0.0 |       0 |      24 |   0.0 |  1160
           D:4 |       0 |     333 |   0.0 |       0 |      11 |   0.0 |   818
           D:5 |       0 |     645 |   0.0 |       0 |      22 |   0.0 |   974
           D:6 |       0 |     909 |   0.0 |       0 |      19 |   0.0 |   745
           D:7 |       0 |     286 |   0.0 |       0 |       4 |   0.0 |   184
          D:10 |       0 |     363 |   0.0 |       0 |       4 |   0.0 |    34
               +---------+---------+-------+---------+---------+-------+---------
